 Dungeon Crawl Stone Soup version 0.18-a0-1390-gc02854d (webtiles) character file.

47 ithil the Poker (level 3, 0/30 HPs)
             Began as a Centaur Gladiator on Feb 23, 2016.
             Succumbed to an adder's poison
             ... on level 2 of the Dungeon.
             The game lasted 00:05:14 (820 turns).

ithil the Poker (Centaur Gladiator)                  Turns: 820, Time: 00:05:14

Health: 0/30       AC:  5    Str: 23    XL:     3   Next: 48%
Magic:  3/3        EV: 10    Int: 12    God:
Gold:   76         SH:  0    Dex:  9    Spells: 0 memorised, 2 levels left

rFire  . . .     SeeInvis .     a - +0 trident
rCold  . . .     Gourm    .     b - +0 leather armour
rNeg   . . .     Faith    .     (no shield)
rPois  .         Spirit   .     c - +0 helmet
rElec  .         Dismiss  +     (no cloak)
rCorr  .         Reflect  .     (no gloves)
SustAt .         Harm     .     (no barding)
MR     .....                    m - amulet of dismissal
Stlth  ..........               (no ring)
                                (no ring)

@: mighty, brilliant, lethally poisoned (0 -> -6), very quick, not resistant to
hostile enchantments, extremely unstealthy
A: hooves 3, deformed body, speed 2, tough skin 3
a: no special abilities


You were on level 2 of the Dungeon.
You were not hungry.

You visited 1 branch of the dungeon, and saw 2 of its levels.

You collected 76 gold pieces.

Inventory:

Hand Weapons
 a - a +0 trident (weapon)
 g - a +0 whip
 q - a +0 dagger
Missiles
 d - 2 throwing nets (quivered)
Armour
 b - a +0 leather armour (worn)
 c - a +0 helmet (worn)
 e - a +0 robe
 n - a +0 leather armour
Jewellery
 m - an amulet of dismissal (around neck)
 r - an uncursed ring of poison resistance {unknown}
Scrolls
 o - a scroll of remove curse
 p - a scroll of fog {unknown}
Potions
 k - a potion of cure mutation {unknown}
Comestibles
 f - a bread ration
 i - a beef jerky
 l - 3 chunks of flesh


   Skills:
 + Level 2.4 Fighting
 + Level 3.1 Polearms
 + Level 2.4 Throwing
 + Level 0.2 Armour
 + Level 2.7 Dodging


You had 2 spell levels left.
You didn't know any spells.

Dungeon Overview and Level Annotations

Branches:
Dungeon (2/15)

Altars:


Innate Abilities, Weirdness & Mutations

You have hooves in place of feet.
Armour fits poorly on your strangely shaped body.
You cover ground very quickly.
You have extremely tough skin (AC +3).


Message History

You barely miss the jackal. The adder closely misses you. The jackal bites you.
* * * LOW HITPOINT WARNING * * *
The jackal barely misses you. The adder bites you but does no damage.
The jackal completely misses you.
There is a stone staircase leading up here.
Found 12 stones.
Found a scroll of identify.
Found 12 gold pieces.
Found a stone staircase leading up.
The adder closely misses you.
You see here a bat corpse.
Things that are here:
a rat corpse x2
The adder bites you but does no damage.
There is a stone staircase leading up here.
The adder bites you.
* * * LOW HITPOINT WARNING * * *
Your amulet of dismissal vibrates suddenly!
You are lethally poisoned!
The adder poisons you!
The adder disappears!
You die...

. #### .... ..##
..... #..###
.....###....#
...>........#
......##....###
.(....[..h@...######
.....#.#.#.†.......#
.........h#....)...<#
......#.#.#.........#
..........#..<......#
.....###h#####...####
.....###.# #.h..##
.........###h..S#
.....#..###...#.#


You could see an adder and a jackal.

Vanquished Creatures
  Jessica (D:2)
  2 giant geckos (D:1)
  3 bats
  2 giant cockroaches
  A goblin (D:1)
  2 hobgoblins
  A jackal (D:2)
  2 giant newts
  2 kobolds (D:1)
  4 rats
20 creatures vanquished.

Notes
Turn   | Place    | Note
--------------------------------------------------------------
     0 | D:1      | ithil the Centaur Gladiator began the quest for the Orb.
     0 | D:1      | Reached XP level 1. HP: 17/17 MP: 1/1
   502 | D:1      | Reached XP level 2. HP: 22/24 MP: 2/2
   742 | D:2      | Noticed Jessica
   751 | D:2      | Killed Jessica
   751 | D:2      | Reached skill level 3 in Polearms
   751 | D:2      | Reached XP level 3. HP: 20/30 MP: 3/3
   772 | D:2      | HP: 1/30 [jackal (1)]
   819 | D:2      | HP: 1/30 [adder (4)]
   820 | D:2      | Succumbed to an adder's poison

Vault maps used:
D:1:      dpeg_arrival_fog
D:2:      serial_glass, glass_columns_b, glass_columns_a, glass_columns_c,
          glass_columns_a, uniq_jessica, uniq_crazy_yiuf_cottage

Skill      XL: |  1  2 |
---------------+-------+-----
Polearms       | 3 |  3.1
Fighting       | |  2.4
Throwing       | |  2.4
Armour         | |  0.2
Dodging        | |  2.7

Action                   || total
-------------------------++-------
Melee: Trident           ||    53
Throw: Throwing net      ||     1
  Use: Scroll            ||     3
       Potion            ||     2
